 Dungeon Crawl Stone Soup version 0.19.1-1-g22dce08 (webtiles) character file.

3146 Faustar the Fighter (level 9, -9/85 HPs)
             Began as a Grey Draconian Transmuter on Dec 31, 2016.
             Was a Priest of Cheibriados.
             Mangled by an orc warlord
             ... wielding a +0 battleaxe
              (27 damage)
             ... in a bailey.
             The game lasted 00:30:01 (9500 turns).

Faustar the Fighter (Grey Draconian Transmuter)     Turns: 9500, Time: 00:30:02

Health: -9/85      AC:  2    Str: 24    XL:     9   Next: 62%
Magic:  11/12      EV: 20    Int: 21    God:    Cheibriados [***...]
Gold:   454        SH:  0    Dex: 25    Spells: 2 memorised, 8 levels left

rFire  . . .     SeeInvis .       - Unarmed
rCold  . . .     Gourm    .     (armour unavailable)
rNeg   . . .     Faith    .     (shield currently unavailable)
rPois  x         Spirit   .     (helmet currently unavailable)
rElec  .         Reflect  .     (cloak currently unavailable)
rCorr  .         Harm     .     (gloves currently unavailable)
MR     .....                    (boots currently unavailable)
Stlth  ++........               (no amulet)
                                (no ring)
                                (no ring)

@: spider-form, very slow
A: (walk through water), unfitting armour, (unbreathing), (cold-blooded), AC +12
a: End Transformation, Bend Time, Temporal Distortion, Renounce Religion


You were in a bailey.
You worshipped Cheibriados.
Cheibriados was most pleased with you.
You were not hungry.
You were a venomous arachnid creature.
You visited 2 branches of the dungeon, and saw 9 of its levels.
You also visited: Bailey.

You collected 454 gold pieces.

Inventory:

Missiles
 a - 33 arrows
Armour
 o - a +1 pair of gloves (melded)
Jewellery
 p - an uncursed ring of poison resistance {unknown}
 q - a cursed ring of loudness {unknown}
 z - an uncursed ring of see invisible {unknown}
 O - an uncursed ring of positive energy {unknown}
 Q - an uncursed ring of wizardry {unknown}
Wands
 k - a wand of lightning (10/15)
 E - a wand of flame (29/48)
 F - a wand of random effects (2/48)
 H - a wand of iceblast (8/15)
 M - a wand of lightning (7/15)
Scrolls
 e - 4 scrolls of enchant armour {unknown}
 j - 3 scrolls of enchant weapon {unknown}
 l - 7 scrolls of identify {unknown}
 m - 3 scrolls of immolation {unknown}
 n - 3 scrolls of magic mapping {unknown}
 v - 5 scrolls of remove curse {unknown}
 x - 4 scrolls of teleportation {unknown}
 y - 4 scrolls of blinking {unknown}
 I - a scroll of amnesia {unknown}
 J - a scroll of torment {unknown}
 K - a scroll of noise {unknown}
 P - a scroll of random uselessness {unknown}
Potions
 g - 7 potions of curing {unknown}
 h - a potion of beneficial mutation {unknown}
 i - a potion of heal wounds {unknown}
 r - 2 potions of mutation {unknown}
 t - a potion of cancellation {unknown}
 u - 3 potions of resistance {unknown}
 A - 2 potions of agility {unknown}
 B - a potion of degeneration {unknown}
 D - 2 potions of might {unknown}
 G - a potion of haste {unknown}
 N - a potion of ambrosia {unknown}
Books
 b - a book of Changes

   Spells                             Type                      Level
   a - Beastly Appendage              Transmutation                1
   b - Sticks to Snakes               Transmutation                2
   c - Spider Form                    Transmutation/Poison         3
   d - Ice Form                       Ice/Transmutation            4
   e - Blade Hands                    Transmutation                5
 C - a book of Maledictions

   Spells                             Type                      Level
   a - Corona                         Hexes                        1
   b - Ensorcelled Hibernation        Hexes/Ice                    2
   c - Confuse                        Hexes                        3
   d - Tukima's Dance                 Hexes                        3
   e - Dazzling Spray                 Conjuration/Hexes            3
Comestibles
 c - 4 bread rations
 d - 2 beef jerkies
 f - 5 fruits
 s - 3 meat rations
 w - a slice of pizza


   Skills:
 - Level 10.0 Fighting
 - Level 1.7 Dodging
 + Level 8.5 Unarmed Combat
 - Level 2.0 Spellcasting
 - Level 5.4 Transmutations
 - Level 3.1 Poison Magic


You had 8 spell levels left.
You knew the following spells:

 Your Spells              Type           Power        Failure   Level  Hunger
a - Beastly Appendage     Tmut           ###...       8%          1    #......
b - Spider Form           Tmut/Pois      ###.......   24%         3    ###....


Dungeon Overview and Level Annotations

Branches:
Dungeon (8/15)             Temple (1/1) D:5
   Lair: D:8-11

Altars:
Ashenzari
Cheibriados
Dithmenos
Elyvilon
Fedhas
Gozag
Hepliaklqana
Kikubaaqudgha
Makhleb
Nemelex Xobeh
Okawaru
Qazlal
Ru
Sif Muna
Trog
Uskayaw
Vehumet
Xom
Yredelemnul
Zin
The Shining One

Annotations:
D:4 2 exclusions, Edmund


Innate Abilities, Weirdness & Mutations

((You can walk through water.))
((Your dull iron-grey scales are very hard. (AC +12)))
You cannot fit into any form of body armour.
((You can survive without breathing.))
((You are cold-blooded and may be slowed by cold attacks.))


Message History

Casting: Spider Form
Confirm with . or Enter, or press ? or * to list all spells.
You turn into a venomous arachnid creature.
Your +1 pair of gloves melds into your body.
You hit the orc warlord but do no damage.
The orc warlord is poisoned.
The orc warlord hits you with a battleaxe!!
You barely miss the orc warlord.
The orc warlord is lightly wounded.
Unknown command.
Unknown command.
You barely miss the orc warlord.
The orc warlord is lightly wounded.
The orc warlord hits you with a battleaxe!!
Unknown command.
The orc warlord completely misses you.
The orc warlord hits you with a battleaxe!!
* * * LOW HITPOINT WARNING * * *
The orc warlord hits you with a battleaxe!!
You die...

.....## ##.....##
......#######.......##
8..8.......))..8..8..##
...........)..........#
..........)...........#
8......#'')#......8...#
....####≈≈≈####......##
....#≈≈≈≈≈≈≈≈≈#.o...##♣
....#≈.8...8.≈#.s..##.♣
##'###.......###'###..♣♣
≈≈(#≈≈.8...8.≈ #.≈≈≈÷..♣
≈≈)#≈.........≈#(≈≈≈÷..♣♣
≈≈(#≈....∩....≈#(≈≈≈...∩♣
≈≈(##.........##.≈≈≈...♣♣
≈≈)#≈..8...8..≈#.≈≈≈...♣
##(#≈....g....≈#'###..♣♣
.(.#≈:!8...8!)≈#...##.♣


You could see an orc warlord.

Vanquished Creatures
  A wyvern (D:7)
  A hungry ghost (D:7)
  Menkaure (D:7)
  The ghost of cuckmaster the Chopper, an amateur OpBe of Trog (D:4)
  3 orc warriors
  2 ice beasts
  2 phantoms (D:5)
  5 ogres
  A centaur (D:6)
  A bullfrog (D:8)
  A scorpion (D:5)
  3 crimson imps
  A bullfrog skeleton (D:4)
  7 hounds
  2 jellies
  6 orc wizards
  4 orc priests
  A centaur skeleton (D:6)
  6 worker ants
  2 iguanas
  Robin (D:4)
  A worker ant zombie (D:7)
  9 gnolls
  A howler monkey skeleton (D:4)
  16 adders
  2 oozes
  3 adder zombies (D:3)
  A worm (D:3)
  A leopard gecko (D:2)
  37 orcs
  5 giant cockroaches
  26 goblins
  9 hobgoblins
  7 jackals
  20 kobolds
  3 quokkas
  8 bats
  9 frilled lizards
  A giant cockroach zombie (D:3)
  A quokka skeleton (D:4)
  A quokka zombie (D:8)
  10 rats
223 creatures vanquished.

Notes
Turn   | Place    | Note
-------+----------+-------------------------------------------
     0 | D:1      | Faustar the Draconian Transmuter began the quest for the Orb.
     0 | D:1      | Reached XP level 1. HP: 16/16 MP: 3/3
   230 | D:1      | Reached XP level 2. HP: 20/23 MP: 5/5
   912 | D:1      | Reached XP level 3. HP: 28/28 MP: 6/6
   995 | D:1      | Learned a level 3 spell: Spider Form
  1616 | D:2      | Reached XP level 4. HP: 17/35 MP: 7/7
  2287 | D:3      | Reached skill level 5 in Transmutations
  2509 | D:3      | Reached XP level 5. HP: 12/40 MP: 1/8
  2776 | D:3      | Reached skill level 1 in Poison Magic
  2854 | D:3      | HP: 2/40 [orc/flail (9)]
  3162 | D:3      | Reached XP level 6. HP: 20/47 MP: 5/9
  4166 | D:4      | Noticed Edmund
  4575 | D:4      | Noticed Robin
  4628 | D:4      | Reached skill level 5 in Unarmed Combat
  4750 | D:4      | Your scales start taking on a dull iron-grey colour.
  4750 | D:4      | Reached XP level 7. HP: 47/52 MP: 8/10
  4750 | D:4      | Gained mutation: You can survive without breathing. [Grey Draconian growth]
  5294 | D:4      | Reached skill level 2 in Fighting
  5409 | D:4      | Killed Robin
  5485 | D:4      | Noticed cuckmaster's ghost (amateur OpBe)
  5498 | D:4      | Killed cuckmaster's ghost
  5498 | D:4      | Reached skill level 4 in Fighting
  5621 | D:5      | Entered Level 5 of the Dungeon
  5725 | D:5      | Reached skill level 5 in Fighting
  5971 | D:5      | Reached skill level 6 in Fighting
  5971 | D:5      | Reached XP level 8. HP: 70/70 MP: 7/11
  6045 | D:5      | Found a staircase to the Ecumenical Temple.
  6386 | D:5      | Reached skill level 7 in Fighting
  6695 | Temple   | Entered the Ecumenical Temple
  6797 | Temple   | Became a worshipper of Cheibriados the Contemplative
  6938 | D:6      | Reached skill level 8 in Fighting
  7199 | D:6      | Reached * piety under Cheibriados
  7382 | D:6      | Reached skill level 9 in Fighting
  7836 | D:7      | Noticed Menkaure
  7842 | D:7      | Killed Menkaure
  7867 | D:7      | Reached skill level 10 in Fighting
  7867 | D:7      | Reached XP level 9. HP: 42/85 MP: 8/12
  8274 | D:7      | Reached ** piety under Cheibriados
  9023 | D:8      | Found a flagged portal.
  9040 | Bailey   | Entered a bailey
  9045 | Bailey   | Noticed an orc warlord
  9100 | Bailey   | Reached *** piety under Cheibriados
  9194 | Bailey   | Found a runed gate.
  9198 | Bailey   | Found a runed gate.
  9199 | Bailey   | Found a runed gate.
  9500 | Bailey   | Mangled by an orc warlord

Skill      XL: |  1  2  3  4  5  6  7  8  9 |
---------------+----------------------------+-----
Transmutations | 3 4 5 |  5.4
Poison Magic   | 3 |  3.1
Unarmed Combat | 5 8 |  8.5
Fighting       | 6 10 | 10.0
Dodging        | |  1.7
Spellcasting   | |  2.0

Action                   |  1- 3 |  4- 6 |  7- 9 || total
-------------------------+-------+-------+-------++-------
Melee: Unarmed           |   160 |   316 |   501 ||   977
       Tailslap          |    18 |    26 |    52 ||    96
       Kick              |     2 |     7 |     3 ||    12
       Headbutt          |       |     7 |     2 ||     9
       Punch             |       |     2 |    11 ||    13
 Cast: Beastly Appendage |     1 |     9 |     9 ||    19
       Spider Form       |       |    12 |    23 ||    35
 Stab: Sleeping          |     2 |       |       ||     2
       Distracted        |       |       |     1 ||     1
  Eat: Chunk             |     2 |    12 |    18 ||    32
       Fruit             |       |     1 |       ||     1
Armor: Skin              |    61 |    70 |   145 ||   276
Dodge: Dodged            |   103 |   214 |   330 ||   647
